 Dungeon Crawl Stone Soup version 0.30.1-3-gfc49f6343a (webtiles) character file.

Game seed: 7811754966355095638

34381 spardeous the Destroyer (level 13, -5/99 HPs)
             Began as a Demigod Conjurer on Aug 10, 2023.
             Shot with an arrow by a tengu warrior (14 damage)
             ... on level 13 of the Dungeon.
             The game lasted 00:29:11 (18073 turns).

spardeous the Destroyer (Demigod Conjurer)         Turns: 18073, Time: 00:29:11

Health: -5/99      AC: 10    Str: 12    XL:     13   Next: 12%
Magic:  30/41      EV: 10    Int: 32    God:
Gold:   946        SH:  0    Dex: 12    Spells: 27/34 levels left

rFire   + . .        I - +2 hand axe (flame)
rCold   + . .        (no shield)
rNeg    + . .        A - +0 ring mail "Taobla" {rPois rN+}
rPois   +            (no helmet)
rElec   +            (no cloak)
rCorr   +            (no gloves)
SInv    .            o - +0 pair of boots
Will    +....        P - amulet of magic regeneration
Stlth   +            j - ring of magical power
HPRegen 0.36/turn    H - +4 ring of protection
MPRegen 0.67/turn

%: no passive effects
@: brilliant, resistant
A: high MP 1, forlorn, divine attributes
a: no special abilities


You were on level 13 of the Dungeon.
You visited 1 branch of the dungeon, and saw 13 of its levels.
You also visited: Sewer, Ossuary and Bailey.

You collected 946 gold pieces.

Inventory:

Hand Weapons
 n - a +1 hand axe
 G - a +1 antimagic shortbow
 I - a +2 hand axe of flaming (weapon)
 O - a +7 battleaxe
 Q - a +4 war axe
Armour
 o - a +0 pair of boots (worn)
 z - the +0 leather armour of the Leaf {Harm Int+7 Dex-2 Slay-6}
   (You found it on level 6 of the Dungeon)

   Int:       It affects your intelligence (+7).
   Dex:       It affects your dexterity (-2).
   Slay:      It affects your accuracy & damage with ranged weapons and melee
   (-6).
   Harm:      It increases damage dealt and taken.
 A - the +0 ring mail "Taobla" (worn) {rPois rN+}
   (You found it on level 6 of the Dungeon)

   rPois:     It protects you from poison.
   rN:        It protects you from negative energy.
 T - +0 steam dragon scales
 X - the +5 chain mail "Furil" {Stlth+}
   (You found it on level 13 of the Dungeon)

   Stlth:     It makes you more stealthy.
Magical Staves
 a - a staff of cold
Jewellery
 j - a ring of magical power (left hand)
 k - a ring of willpower
 q - an amulet of the acrobat
 x - a ring of poison resistance
 B - an amulet of regeneration
 H - a +4 ring of protection (right hand)
 P - an amulet of magic regeneration (around neck)
 U - a ring of fire
 V - a ring of fire
 W - a ring of resist corrosion
Wands
 y - a wand of paralysis (12)
 S - a wand of roots (5)
Scrolls
 d - 2 scrolls of magic mapping {unknown}
 e - 4 scrolls of fog {unknown}
 f - 11 scrolls of identify {unknown}
 l - 8 scrolls of teleportation
 r - 2 scrolls of amnesia {unknown}
 s - 4 scrolls of noise {unknown}
 u - 2 scrolls of enchant weapon
 D - a scroll of torment {unknown}
 E - 2 scrolls of poison
 F - 2 scrolls of immolation
 K - 8 scrolls of fear {unknown}
 L - a scroll of enchant armour {unknown}
 M - 3 scrolls of brand weapon {unknown}
 N - 2 scrolls of butterflies {unknown}
Potions
 b - a potion of magic
 c - 4 potions of heal wounds {unknown}
 g - a potion of degeneration {unknown}
 h - 2 potions of lignification {unknown}
 i - 3 potions of brilliance
 m - 3 potions of resistance
 p - 6 potions of flight
 t - 2 potions of invisibility {unknown}
 v - a potion of curing
 w - 3 potions of attraction {unknown}
 C - 2 potions of cancellation {unknown}
 J - a potion of haste {unknown}
 R - a potion of mutation {unknown}


   Skills:
 + Level 4.5 Fighting
 - Level 1.7 Dodging
 - Level 1.7 Stealth
 - Level 11.0 Spellcasting
 - Level 13.2 Conjurations
 - Level 10.2 Translocations


You had 27 spell levels left.
You knew the following spells:

 Your Spells              Type           Power      Damage    Failure   Level
a - Magic Dart            Conj           100%       1d8       1%          1
b - Searing Ray           Conj           100%       2d8       1%          2
c - Iskenderun's Mystic   Conj/Tloc      96%        2d19      1%          4

Your spell library contained the following spells:

 Spells                   Type           Power      Damage    Failure   Level
 Shock                    Conj/Air       100%       1d9       1%          1
 Blink                    Tloc           100%       N/A       1%          2
 Dazzling Flash           Conj/Hex       100%       N/A       1%          3
 Hailstorm                Conj/Ice       74%        3d15      1%          3
 Manifold Assault         Tloc           90%        N/A       1%          4
 Portal Projectile        Hex/Tloc       100%       N/A       2%          3
 Fulminant Prism          Conj/Hex       37%        3d18      4%          4
 Ensorcelled Hibernation  Hex/Ice        52%        N/A       10%         2
 Passwall                 Tmut/Erth      21%        N/A       10%         2
 Swiftness                Air            26%        N/A       19%         3
 Tukima's Dance           Hex            26%        N/A       19%         3
 Summon Forest            Summ/Tloc      33%        N/A       22%         5
 Summon Ice Beast         Ice/Summ       26%        N/A       52%         4
 Agony                    Necr           26%        N/A       86%         5
 Blade Hands              Tmut           13%        N/A       86%         5
 Silence                  Hex/Air        13%        N/A       86%         5
 Monstrous Menagerie      Summ           13%        N/A       100%        7
 Ozocubu's Refrigeration  Ice            13%        4d10      100%        7
 Storm Form               Tmut/Air       13%        N/A       100%        7
 Borgnjor's Revivificati  Necr           13%        N/A       100%        8


Dungeon Overview and Level Annotations

Branches:
Dungeon (13/15)            Temple (0/1) D:4            Lair (0/5) D:9
    Orc (0/2) D:11          Sewer (visited)         Ossuary (visited)
 Bailey (visited)
 Vaults: D:13-14

Shops:
D:5 =   D:6 (   D:9 (   D:12 [


Innate Abilities, Weirdness & Mutations

You have an increased reservoir of magic. (+10% MP)
You shall have no god before yourself.
Your divine heritage dramatically boosts your attributes as you level up.


Message History

The tengu warrior wields a +0 dire flail.
The tengu warrior hits you with a +0 dire flail!
* * * LOW HITPOINT WARNING * * *
The tengu warrior pecks you.
* * * LOW HITPOINT WARNING * * *
The tengu warrior claws you but does no damage.
Casting: Iskenderun's Mystic Blast (mildly dangerous; 1% risk of failure)
Confirm with . or Enter, or press ? or * to list all spells.
You erupt in a blast of force!
The mystic blast hits the tengu conjurer!!
You kill the tengu conjurer!
The mystic blast hits the tengu warrior!
The tengu warrior is severely wounded.
The tengu warrior is knocked back by the mystic blast.
You take 13 damage, and have 34/99 hp.
You now have 29/41 mp.
Casting: Iskenderun's Mystic Blast (mildly dangerous; 1% risk of failure)
Confirm with . or Enter, or press ? or * to list all spells.
You erupt in a blast of force!
The tengu warrior unwields a +0 dire flail.
The tengu warrior wields a +0 longbow.
The tengu warrior shoots an arrow.
The arrow hits you!
* * * LOW HITPOINT WARNING * * *
It was a potion of brilliance.
You feel clever all of a sudden.
The tengu warrior shoots an arrow.
The arrow hits you!!
* * * LOW HITPOINT WARNING * * *
You take 33 damage, and have 1/99 hp.
MASSIVE DAMAGE!!
You now have 26/41 mp.
It was a potion of resistance.
You feel protected.
The tengu warrior shoots an arrow.
The arrow completely misses you.
It was a potion of curing.
You feel better.
The tengu warrior shoots an arrow.
The arrow closely misses you.
You regained 10 hp, and now have 11/99 hp.
You feel better.
The tengu warrior shoots an arrow.
The arrow hits you!
* * * LOW HITPOINT WARNING * * *
You feel better.
The tengu warrior shoots an arrow.
The arrow hits you!
* * * LOW HITPOINT WARNING * * *
You take 7 damage, and have 4/99 hp.
You feel better.
The tengu warrior shoots an arrow.
The arrow hits you!
You die...

...........#.#####.#.###.# #.#
########.................######.#
##.......................#
#.##########.############ #.# #.#
#.# #.# #.# #.# #.##########.#
#.......@.†Q.# ##############


You could see a tengu warrior.

Vanquished Creatures
  An orc warlord (Bailey)
  Erica (D:8)
  2 two-headed ogres
  2 wizards
  A deep elf pyromancer (D:12)
  2 orc knights (Bailey)
  3 cyclopes
  A gargoyle (D:11)
  2 unseen horrors
  A rime drake (D:9)
  Psyche (D:8)
  A tengu conjurer (D:13)
  A queen bee (D:10)
  4 trolls
  A hornet (D:8)
  A tarantella (shapeshifter) (D:13)
  3 shadows
  A vampire (D:11)
  4 vampire mosquitoes
  21 yaks
  3 wraiths
  A wyvern (D:9)
  Grum (D:9)
  3 steam dragons
  3 acid dragons
  2 water moccasins
  2 sky beasts
  6 ice beasts (D:9)
  12 orc warriors
  3 black bears
  4 ogres
  5 wolves (D:9)
  4 phantoms
  3 centaurs
  4 kobold brigands
  Blork the orc (D:5)
  4 bullfrogs
  A scorpion (D:4)
  14 wights
  19 killer bees
  3 troll zombies (D:11)
  A howler monkey (D:11)
  A crimson imp (D:9)
  5 orc priests
  A human zombie (Ossuary)
  7 hounds
  A gnoll bouda (D:5)
  3 iguanas
  2 sleepcaps
  9 orc wizards
  A sickly merfolk siren (Sewer)
  A malarious merfolk avatar (Sewer)
  5 ogre zombies (D:11)
  4 mummies
  18 gnolls
  6 adders
  4 river rats
  2 shadow imps (D:7)
  A white imp (D:6)
  2 ufetubi
  5 adder zombies (Ossuary)
  2 worms
  3 dart slugs
  46 orcs
  10 ball pythons
  10 endoplasms
  7 giant cockroaches
  A gnoll zombie (Ossuary)
  24 goblins
  16 hobgoblins
  9 jackals
  3 quokkas
  10 bats
  9 frilled lizards
  A goblin skeleton (D:11)
  4 goblin zombies
  7 hobgoblin zombies
  27 kobolds
  3 kobold zombies
  6 orc skeletons (D:11)
  14 orc zombies
  2 quokka zombies (Ossuary)
  23 rats
  A rat zombie (Ossuary)
469 creatures vanquished.

Vanquished Creatures (others)
  An orc wizard (D:10)
1 creature vanquished.

Grand Total: 470 creatures vanquished

Notes
Turn   | Place    | Note
-------+----------+-------------------------------------------
     0 | D:1      | spardeous the Demigod Conjurer began the quest for the Orb.
     0 | D:1      | Reached XP level 1. HP: 14/14 MP: 5/5
   267 | D:1      | Reached XP level 2. HP: 20/20 MP: 1/7
   345 | D:1      | Reached skill level 4 in Conjurations
  1530 | D:2      | Reached XP level 3. HP: 26/26 MP: 2/8
  2621 | D:3      | Learned a level 2 spell: Searing Ray
  2673 | D:3      | Reached skill level 5 in Conjurations
  2699 | D:3      | Reached XP level 4. HP: 33/33 MP: 9/9
  2929 | D:3      | Found a glowing drain.
  2998 | Sewer    | Entered a sewer
  3182 | Sewer    | Reached XP level 5. HP: 31/38 MP: 10/10
  3280 | Sewer    | Reached skill level 6 in Conjurations
  4703 | D:4      | Reached XP level 6. HP: 37/45 MP: 7/11
  4852 | D:4      | Learned a level 4 spell: Iskenderun's Mystic Blast
  4936 | D:4      | You fall into a shaft and drop 1 floor!
  4936 | D:5      | Entered Level 5 of the Dungeon
  4966 | D:5      | Reached skill level 7 in Conjurations
  5191 | D:5      | Noticed Blork the orc
  5448 | D:4      | Found a staircase to the Ecumenical Temple.
  5610 | D:4      | Reached XP level 7. HP: 29/50 MP: 14/14
  6271 | D:5      | Reached skill level 1 in Translocations
  6752 | D:5      | Found Jyfra's Jewellery Shoppe.
  7099 | D:5      | Killed Blork the orc
  7100 | D:5      | Reached XP level 8. HP: 57/57 MP: 17/17
  7267 | D:6      | Identified the +0 leather armour of the Leaf {Harm Int+7
                  | Dex-2 Slay-6}
  7318 | D:6      | Reached skill level 5 in Translocations
  7381 | D:6      | Killed an unseen horror
  8390 | D:6      | Found Xevulufywe's Weapon Shop.
  8521 | D:6      | Identified the +0 ring mail "Taobla" {rPois rN+}
  8806 | D:7      | Reached XP level 9. HP: 39/62 MP: 18/18
  9252 | D:7      | Found a sand-covered staircase.
  9257 | Ossuary  | Entered an ossuary
 10260 | D:8      | Reached skill level 5 in Spellcasting
 10438 | D:8      | Noticed a two-headed ogre
 10452 | D:8      | Killed a two-headed ogre
 10453 | D:8      | Reached XP level 10. HP: 45/69 MP: 6/24
 10548 | D:8      | Found a flagged portal.
 10548 | D:8      | Noticed Psyche
 10570 | D:8      | Killed Psyche
 10649 | Bailey   | Entered a bailey
 11046 | Bailey   | Noticed an orc knight
 11047 | Bailey   | Noticed an orc knight
 11059 | Bailey   | Killed an orc knight
 11204 | Bailey   | Killed an orc knight
 11522 | Bailey   | Noticed an orc warlord
 12091 | Bailey   | Killed an orc warlord
 12304 | Bailey   | Got Ughocey's Secrets of the Gathering and the Barrage
 12449 | D:8      | Noticed Erica
 12463 | D:8      | Killed Erica
 12464 | D:8      | Reached skill level 10 in Spellcasting
 12958 | D:9      | Reached XP level 11. HP: 73/74 MP: 16/29
 13096 | D:9      | Noticed Grum
 13250 | D:9      | Killed Grum
 13269 | D:9      | Reached skill level 8 in Conjurations
 13508 | D:9      | Found a staircase to the Lair.
 13607 | D:9      | Found Oguzxum's Weapon Shop.
 13974 | D:9      | Reached skill level 9 in Conjurations
 14255 | D:9      | Noticed a wizard
 14264 | D:9      | Killed a wizard
 14278 | D:9      | Got the Commentary on Grisly Frostbite
 14681 | D:10     | Entered Level 10 of the Dungeon
 14862 | D:10     | Reached skill level 10 in Conjurations
 15817 | D:10     | Reached skill level 12 in Conjurations
 15817 | D:10     | Reached XP level 12. HP: 81/81 MP: 31/31
 15885 | D:11     | Reached skill level 13 in Conjurations
 16160 | D:11     | Found a staircase to the Orcish Mines.
 16567 | D:11     | Reached skill level 10 in Translocations
 16949 | D:12     | Found Cheibriados's Comfort Zone.
 16963 | D:12     | Reached skill level 1 in Fighting
 17056 | D:12     | Reached XP level 13. HP: 88/93 MP: 25/32
 17956 | D:13     | Identified the +5 chain mail "Furil" {Stlth+}
 18068 | D:13     | HP: 1/99 [tengu warrior/arrow (21)]
 18073 | D:13     | Shot with an arrow by a tengu warrior

Illustrated notes

Levels and vault maps discovered:
D:1:      sevenhm_arrival_forest_fort_large_3, layout_basic,
          hellmonk_ecumenical_altar_blasted, nrook_uturn
D:2:      minmay_angry_zag, layout_basic, minmay_misc_feat_enclosed,
          serial_bayou_pond_c
D:3:      layout_basic, cheibrodos_sewer_entry_sluice, dk_noncrumbling_2
D:4:      layout_cave_pools, minmay_temple_entry_slanted, nicolae_eternal_life
D:5:      layout_basic, serial_shops, shop, uniq_blork_the_orc
D:6:      layout_loops_ring, serial_shops, shop, minmay_crossroads
D:7:      layout_loops_ring, nicolae_ossuary_entry_giza,
          minmay_misc_feat_more_columns, hellmonk_bongcloud_opening
D:8:      layout_basic, enter_bailey_2, uniq_erica, uniq_psyche
D:9:      layout_roguey, chequers_temple_overflow_minitemple,
          hellmonk_lair_entry_icy, nicolae_wooded_promenade, st_stairs_9,
          lightli_wizard_tower, uniq_grum
D:10:     layout_long_grid, grunt_ministairs_5, nicolae_looking_at_the_future
D:11:     layout_cross, zombieorc2_lemuel
D:12:     layout_grid_maze, minmay_shop_chei
D:13:     layout_loops_ring, uniq_snorg

Skill      XL: |  1  2  3  4  5  6  7  8  9 10 11 12 13 |
---------------+----------------------------------------+-----
Spellcasting   | 2 4 6 10 11 | 11.0
Conjurations   | 4 5 6 7 12 13 | 13.2
Translocations | 4 8 9 10 | 10.2
Fighting       | 2 4 |  4.5
Dodging        | |  1.7
Stealth        | |  1.7

Action                     |  1- 3 |  4- 6 |  7- 9 | 10-12 | 13-15 || total
---------------------------+-------+-------+-------+-------+-------++-------
  Melee: Hand axe          |       |    14 |    38 |    45 |     2 ||    99
         Punch             |       |       |       |     1 |       ||     1
   Fire: Shortbow          |       |       |     7 |    46 |       ||    53
   Cast: Magic Dart        |   104 |   150 |    74 |     2 |       ||   330
         Searing Ray       |     2 |    17 |    23 |     2 |       ||    44
         Iskenderun's Myst |       |       |    76 |   255 |    40 ||   371
    Use: Scroll            |       |     4 |       |       |       ||     4
         Potion            |       |       |     1 |     1 |     6 ||     8
 Armour: Ring mail         |       |    17 |    54 |    97 |     3 ||   171
  Dodge: Dodged            |     4 |    60 |   118 |   162 |    11 ||   355
